cohdb
Replays
Latest Replays
All Replays
Popular Replays
Top Player Replays
Match Explorer
How It Works
Community
CoH3 Stats
Reddit
Sign in to upload your games and track your stats! →
Sign in with Steam
Match 41510820
Unlisted
Match 41510820
Overview
Messages
Build Orders
End
Royal Engineer Section
Construct Section Command Post
Selects Canadian Shock Battlegroup
Infantry Section
Infantry Section
Vickers Machine Gun Team
Selects Attacking Spirit
Selects Canadian Shock Section
Construct Field Infirmary
Construct Platoon Command Post
Humber Armored Car
Canadian Shock Section
Selects Incendiary Munitions
Selects Pyrotechnics
6-pounder Anti-tank Gun Team
Grenade Package
Construct Company Command Post
Foot Guards Section
Selects Point Assault
Crusader II Medium Tank
Crusader II Medium Tank
Selects Demolition Engineering
Foot Guards Section
Crusader II Medium Tank
Crusader II Medium Tank
Infantry Section
BIOHAZARD
Comnick
0
0
Comments
sign in to comment!
No comments posted yet!